 Dungeon Crawl Stone Soup version 0.27.1-1-g398f81649c (webtiles) character file.

Game seed: 7341001244069610207

212 safid the Chopper (level 5, -1/47 HPs)
             Began as a Hill Orc Fighter on Sept 17, 2021.
             Slain by Duvessa (17 damage)
             ... on level 4 of the Dungeon.
             The game lasted 00:07:19 (2847 turns).

safid the Chopper (Hill Orc Fighter)                Turns: 2847, Time: 00:07:20

Health: -1/47      AC: 11    Str: 20    XL:     5   Next: 90%
Magic:  5/5        EV:  7    Int:  8    God:
Gold:   126        SH:  9    Dex: 10    Spells: 4/4 levels left

rFire    . . .     SeeInvis .   i - +0 broad axe
rCold    . . .     Faith    .   c - +0 kite shield
rNeg     . . .     Spirit   .   b - +0 scale mail
rPois    .         Reflect  .   m - +1 helmet
rElec    .         Harm     .   h - +1 cloak
rCorr    +         Rampage  .   (no gloves)
Will     .....                  (no boots)
Stlth    ..........             (no amulet)
HPRegen  0.15/turn              k - ring of resist corrosion
MPRegen  0.09/turn              (no ring)

@: mighty
A: no striking features
a: no special abilities


You were on level 4 of the Dungeon.
You visited 1 branch of the dungeon, and saw 4 of its levels.

You collected 126 gold pieces.

Inventory:

Hand Weapons
 i - a +0 broad axe (weapon)
Missiles
 o - 3 poisoned darts (quivered)
Armour
 b - a +0 scale mail (worn)
 c - a +0 kite shield (worn)
 h - a +1 cloak (worn)
 m - a +1 helmet (worn)
Jewellery
 k - a ring of resist corrosion (left hand)
Wands
 g - a wand of flame (28)
Scrolls
 a - a scroll of enchant armour
Potions
 e - a potion of invisibility
 f - 3 potions of curing
 j - a potion of cancellation {unknown}
 l - a potion of haste {unknown}
 n - a potion of lignification {unknown}


   Skills:
 + Level 4.5 Fighting
 + Level 5.7 Axes
 + Level 4.2 Armour
 + Level 4.1 Shields


You had 4 spell levels left.
You didn't know any spells.
Your spell library contained the following spells:

 Spells                   Type           Power      Damage    Failure   Level
 Magic Dart               Conj           0%         1d3       99%         1
 Searing Ray              Conj           0%         3d3       100%        2
 Fulminant Prism          Conj/Hex       0%         3d6       100%        4


Dungeon Overview and Level Annotations

Branches:
Dungeon (4/15)
 Temple: D:4-7

Altars:

Shops:
D:2 [

Annotations:
D:4 Duvessa


Message History

Dowan points at you and mumbles some strange words.
You resist with some effort.
Duvessa, Sister of Dowan comes into view.
She is wielding a +0 short sword and carrying a wand of polymorph (7).
You barely miss Dowan.
Dowan is heavily wounded.
Dowan barely misses you.
Dowan gestures wildly while chanting.
Dowan blinks!
Dowan hits you with a +0 dagger.
You miss Dowan.
Dowan is heavily wounded.
Dowan hits you with a +0 dagger.
You completely miss Dowan.
Dowan is heavily wounded.
You block Dowan's attack.
Dowan says, "Stay away from my face!"
Dowan hits you with a +0 dagger.
You miss Dowan.
Dowan is heavily wounded.
You completely miss Duvessa. You block Duvessa's attack.
Dowan hits you but does no damage. Dowan hits you with a +0 dagger.
Duvessa barely misses you.
You slash Dowan!
You kill Dowan!
Duvessa screams in rage.
Duvessa goes berserk!
You slash Duvessa! Duvessa hits you with a +0 short sword.
Duvessa hits you with a +0 short sword!
You slash Duvessa!
Duvessa is heavily wounded.
Duvessa hits you with a +0 short sword. Duvessa hits you but does no damage.
You hit Duvessa.
Duvessa is heavily wounded.
Duvessa barely misses you. You block Duvessa's attack.
You barely miss Duvessa.
Duvessa is heavily wounded.
Duvessa hits you with a +0 short sword. You block Duvessa's attack. x2
You closely miss Duvessa.
Duvessa is heavily wounded.
Duvessa hits you with a +0 short sword!
You die...

# #. ##.# ....... #. .###
#.†###......# ...#...
#.#)†.#...... .......
#.†........#. .....?.
####.........
.....>.#######.......#
##.#e....###........
........##...)........#.#.#.#
.........#.e@................
..................##...#.#.#.
............#####.##.........
...(.........# #.##.........
.............####.##.......#.
...........#.(...............
.........#.####.#..........
..............#........##..
#.............#.#......#


You could see Duvessa (berserk).

Vanquished Creatures
  Dowan (D:4)
  A howler monkey (D:3)
  A jelly (D:4)
  4 adders
  3 worms
  2 orcs
  3 ball pythons
  10 endoplasms
  4 giant cockroaches
  5 goblins
  4 hobgoblins
  A quokka (D:3)
  3 bats
  4 frilled lizards (D:1)
  A kobold (D:3)
  6 rats
53 creatures vanquished.

Notes
Turn   | Place    | Note
-------+----------+-------------------------------------------
     0 | D:1      | safid the Hill Orc Fighter began the quest for the Orb.
     0 | D:1      | Reached XP level 1. HP: 19/19 MP: 1/1
   674 | D:1      | Found a faded altar of an unknown god.
   812 | D:2      | Reached XP level 2. HP: 27/27 MP: 2/2
  1091 | D:2      | Reached skill level 3 in Axes
  1461 | D:2      | Reached XP level 3. HP: 32/33 MP: 3/3
  1474 | D:2      | Found Wusolir's Armour Emporium.
  2092 | D:3      | Reached skill level 4 in Axes
  2123 | D:3      | Reached XP level 4. HP: 37/40 MP: 4/4
  2418 | D:3      | Reached XP level 5. HP: 40/46 MP: 5/5
  2583 | D:3      | Reached skill level 5 in Axes
  2819 | D:4      | Noticed Dowan
  2836 | D:4      | Noticed Duvessa
  2843 | D:4      | Killed Dowan
  2847 | D:4      | Slain by Duvessa

Illustrated notes

Levels and vault maps discovered:
D:1:      nzn_arrival_depleted_hourglass, layout_loops_ring,
          hellmonk_ecumenical_altar_leap_of_faith, bh_walls_and_bars
D:2:      layout_basic, serial_shops, nicolae_shop_statue_plus
D:3:      layout_basic, serial_aquarium, aquarium_bridge_square
          [aquarium_subvault_wall, aquarium_subvault_bridge,
          aquarium_subvault_bridge, aquarium_subvault_bridge],
          aquarium_window_1, aquarium_window_corridor_1, aquarium_window_1,
          aquarium_view_2b, aquarium_view_2d
D:4:      layout_rooms, grunt_dithmenos_smoke_and_mirrors,
          gammafunk_ghost_split, hex_medium, hangedman_decor_growths,
          minmay_fractal_squares_diagonal_5, uniq_edmund, uniq_duvessa

Skill      XL: |  1  2  3  4  5 |
---------------+----------------+-----
Axes           | 3 4 5 |  5.7
Fighting       | 4 |  4.5
Armour         | 4 |  4.2
Shields        | 4 |  4.1

Action                   |  1- 3 |  4- 6 || total
-------------------------+-------+-------++-------
Melee: War axe           |   101 |       ||   101
       Broad axe         |    24 |    72 ||    96
  Use: Scroll            |       |     3 ||     3
       Potion            |       |     1 ||     1
Armor: Scale mail        |    79 |    34 ||   113
Dodge: Dodged            |    39 |    20 ||    59
Block: Kite shield       |    52 |    42 ||    94
